 Dungeon Crawl Stone Soup version 0.26-a0-652-gafc20e3620 (webtiles) character file.

Game seed: 11112088384638492821

199 looop the Poker (level 5, -1/42 HPs)
             Began as a Demonspawn Fighter on Oct 2, 2020.
             Succumbed to a worker ant's poison
             ... on level 3 of the Dungeon.
             The game lasted 00:01:59 (2706 turns).

looop the Poker (Demonspawn Fighter)                Turns: 2706, Time: 00:01:59

Health: -1/42      AC:  8    Str: 18    XL:     5   Next: 48%
Magic:  5/5        EV:  7    Int:  9    God:
Gold:   175        SH:  8    Dex: 12    Spells: 4/4 levels left

rFire    + . .     SeeInvis .   a - +0 trident
rCold    x . .     Faith    .   c - +0 kite shield
rNeg     . . .     Spirit   .   b - +0 scale mail
rPois    .         Reflect  .   (helmet restricted)
rElec    .         Harm     .   (no cloak)
rCorr    .         Rampage  .   (no gloves)
MR       .....                  (no boots)
Stlth    ..........             (no amulet)
HPRegen  0.14/turn              n - ring of fire
MPRegen  0.09/turn              (no ring)

@: lethally poisoned (-1 -> -21)
A: antennae 1, slimy green scales 1, spiny 2
a: no special abilities


You were on level 3 of the Dungeon.
You visited 1 branch of the dungeon, and saw 4 of its levels.

You collected 175 gold pieces.

Inventory:

Hand Weapons
 a - a +0 trident (weapon)
Armour
 b - a +0 scale mail (worn)
 c - a +0 kite shield (worn)
Jewellery
 n - a ring of fire (left hand)
Scrolls
 d - a scroll of teleportation {unknown}
 f - 2 scrolls of identify {unknown}
 g - 2 scrolls of enchant armour {unknown}
 k - 3 scrolls of remove curse {unknown}
 l - a scroll of noise {unknown}
 o - a scroll of enchant weapon {unknown}
 p - a scroll of fog {unknown}
 q - a scroll of amnesia {unknown}
Potions
 e - a potion of haste
 h - a potion of brilliance {unknown}
 i - 2 potions of invisibility {unknown}
 j - a potion of resistance {unknown}
 m - a potion of curing {unknown}


   Skills:
 + Level 4.3 Fighting
 * Level 4.4 Polearms
 - Level 2.6 Armour
 - Level 2.6 Shields


You had 4 spell levels left.
You didn't know any spells.
Your spell library was empty.

Dungeon Overview and Level Annotations

Branches:
Dungeon (4/15)
 Temple: D:4-7

Altars:
Fedhas


Innate Abilities, Weirdness & Mutations

You have a pair of small antennae on your head.
You are partially covered in slimy green scales. (AC +2)
You are mostly covered in sharp spines.


Message History

* * * LOW HITPOINT WARNING * * *
You are more poisoned.
The worker ant poisons you!
You hit the orc priest.
You kill the orc priest!
* * * LOW HITPOINT WARNING * * *
You feel very sick. You block the worker ant's attack.
* * * LOW HITPOINT WARNING * * *
You feel sick.
Things that are here:
a +0 mace; a +0 leather armour; an orc corpse
* * * LOW HITPOINT WARNING * * *
You feel sick. The worker ant bites you.
* * * LOW HITPOINT WARNING * * *
* * * LOW HITPOINT WARNING * * *
You feel sick.
You hit the worker ant but do no damage.
The worker ant is heavily wounded.
You die...

#.####......†............. #.#
#..........#.#.######
#.####..#######.#.#.......
#.#.......................
######.#.##..##...#############
#......#.#.....................
#......#.#..............)......
#......#.#..###...#############
#......#.#.>)a@................
#......#.#.####################
#......#.#.###.......#.# #.
#......#'#...........#.# #.
#............#.#######.#######.
##...........#.................
#...........#..............###
#...........'.................
####...........#..............###


You could see a worker ant.

Vanquished Creatures
  A phantom (D:2)
  An orc priest (D:3)
  3 adders (D:3)
  A worm (D:2)
  A leopard gecko (D:3)
  5 orcs
  2 giant cockroaches
  7 hobgoblins
  3 jackals (D:2)
  4 kobolds
  A ball python (D:1)
  5 bats
  A frilled lizard (D:2)
  4 goblins
  10 rats
49 creatures vanquished.

Notes
Turn   | Place    | Note
-------+----------+-------------------------------------------
     0 | D:1      | looop the Demonspawn Fighter began the quest for the Orb.
     0 | D:1      | Reached XP level 1. HP: 18/18 MP: 1/1
   439 | D:1      | Gained mutation: You are partially covered in sharp spines.
                  | [demonic ancestry]
   439 | D:1      | Reached XP level 2. HP: 24/24 MP: 2/2
  1219 | D:2      | Found a blossoming altar of Fedhas.
  1221 | D:2      | Noticed a phantom
  1535 | D:2      | Killed a phantom
  1535 | D:2      | Gained mutation: You are partially covered in slimy green
                  | scales. (AC +2) [demonic ancestry]
  1535 | D:2      | Reached XP level 3. HP: 27/30 MP: 3/3
  1535 | D:2      | Gained mutation: You are mostly covered in sharp spines.
                  | [demonic ancestry]
  1535 | D:2      | Reached XP level 4. HP: 33/37 MP: 4/4
  2379 | D:3      | Gained mutation: You have a pair of small antennae on your
                  | head. [demonic ancestry]
  2379 | D:3      | Reached XP level 5. HP: 42/42 MP: 5/5
  2705 | D:3      | HP: 1/42 [poisoned by a worker ant]
  2706 | D:3      | Succumbed to a worker ant's poison

Illustrated notes

Levels and vault maps discovered:
D:1:      matt_arrival_refuge, layout_loops_corners, minmay_indecisive_spiral
D:2:      layout_loops_cross, fedhas_altar_2
D:3:      layout_basic
D:4:      minmay_opposing_rooms, layout_basic, uniq_eustachio, uniq_sigmund,
          uniq_grinder

Skill      XL: |  1  2  3  4 |
---------------+-------------+-----
Polearms       | 2 3 4 |  4.4
Fighting       | 4 |  4.3
Armour         | |  2.6
Shields        | |  2.6

Action                   |  1- 3 |  4- 6 || total
-------------------------+-------+-------++-------
Melee: Trident           |    59 |    59 ||   118
  Use: Potion            |     2 |       ||     2
Armor: Scale mail        |    19 |     7 ||    26
Dodge: Dodged            |    17 |     9 ||    26
Block: Kite shield       |    23 |    19 ||    42

Table legend: (Time is in decaauts)
 A = Elapsed time spent in this place.
 B = Non-inter-level travel time spent in this place.
 C = Inter-level travel time spent in this place.
 D = Time resting spent in this place.
 E = Time spent auto-exploring this place.
 F = Levels seen in this place.
 G = Mean time per level.
                   A        B        C        D        E       F      G
               +--------+--------+--------+--------+--------+-----+--------+
         Total |   2713 |   2652 |     61 |    349 |   2042 |   4 |  678.2 |
       Dungeon |   2713 |   2652 |     61 |    349 |   2042 |   4 |  678.2 |
               +--------+--------+--------+--------+--------+-----+--------+

Top non-repeatable levels by time:
     D:1: 1135 daAuts
     D:2: 823 daAuts
     D:3: 745 daAuts
     D:4: 9 daAuts
